 Dungeon Crawl Stone Soup version 0.31.0-11-ge490571c62 (console) character file.

Game seed: 843717354175247341

191 Ignak the Magician (level 5, 0/38 HPs)
             Began as a Gnoll Hedge Wizard on Feb 7, 2024.
             Slain by an iguana (5 damage)
             ... on level 4 of the Dungeon.
             The game lasted 00:06:45 (3367 turns).

Ignak the Magician (Gnoll Hedge Wizard)             Turns: 3367, Time: 00:06:46

Health: 0/38       AC:  4    Str: 18    XL:     5   Next: 70%
Magic:  7/14       EV: 13    Int: 15    God:
Gold:   137        SH:  0    Dex: 14    Spells: 11/18 levels left

rFire   + . .        o - +3 quarterstaff (chaos)
rCold   . . .        (shield currently unavailable)
rNeg    . . .        u - +0 leather armour of Arifir {rPois rF+ Str+2 Dex+3}
rPois   +            c - +0 hat
rElec   .            q - +0 cloak
rCorr   .            (no gloves)
SInv    .            (no boots)
Will    .....        (no amulet)
Stlth   ++           n - ring of flight
HPRegen 0.26/turn    s - +6 ring of strength
MPRegen 0.14/turn

%: no passive effects
@: on blink cooldown, flying
A: fangs 1, strong nose, distributed training
a: no special abilities


You were on level 4 of the Dungeon.
You visited 1 branch of the dungeon, and saw 4 of its levels.

You collected 137 gold pieces.

Inventory:

Hand Weapons
 o - a +3 quarterstaff of chaos (weapon)
 p - a +1 hammer of holy wrath
 r - a +0 rapier
Missiles
 i - 9 poisoned darts (quivered)
Armour
 c - a +0 hat (worn)
 q - a +0 cloak (worn)
 u - the +0 leather armour of Arifir (worn) {rPois rF+ Str+2 Dex+3}
   (You found it on level 3 of the Dungeon)

   Str+2:     It affects your strength (+2).
   Dex+3:     It affects your dexterity (+3).
   rF+:       It protects you from fire.
   rPois:     It protects you from poison
Jewellery
 n - a ring of flight (left hand)
 s - a +6 ring of strength (right hand)
Scrolls
 a - a scroll of fog {unknown}
 g - 2 scrolls of teleportation
 j - a scroll of fear
 k - 2 scrolls of vulnerability
 t - a scroll of butterflies {unknown}
Potions
 d - a potion of magic
 e - a potion of lignification {unknown}
 f - a potion of brilliance {unknown}
 h - a potion of haste
 l - a potion of attraction {unknown}
 m - a potion of curing


   Skills:
 + Level 1.6 Fighting
 + Level 1.6 Short Blades
 + Level 1.6 Long Blades
 + Level 1.6 Axes
 + Level 1.6 Maces & Flails
 + Level 1.6 Polearms
 + Level 1.6 Staves
 + Level 1.6 Ranged Weapons
 + Level 1.6 Throwing
 + Level 1.6 Armour
 + Level 4.8 Dodging
 + Level 4.5 Stealth
 + Level 1.6 Shields
 + Level 1.6 Unarmed Combat
 + Level 7.3 Spellcasting
 + Level 2.5 Conjurations
 + Level 1.3 Hexes
 + Level 2.5 Summonings
 + Level 1.3 Necromancy
 + Level 2.5 Translocations
 + Level 1.3 Fire Magic
 + Level 1.3 Ice Magic
 + Level 1.3 Air Magic
 + Level 1.3 Earth Magic
 + Level 1.3 Alchemy
 + Level 1.9 Invocations
 + Level 1.6 Evocations
 + Level 1.5 Shapeshifting


You had 11 spell levels left.
You knew the following spells:

 Your Spells              Type           Power      Damage    Failure   Level
b - Blink                 Tloc           26%        N/A       9%          2
d - Mephitic Cloud        Conj/Alch/Air  10%        N/A       22%         3
e - Call Imp              Summ           26%        N/A       9%          2

Your spell library contained the following spells:

 Spells                   Type           Power      Damage    Failure   Level
 Magic Dart               Conj           52%        1d5       5%          1
 Slow                     Hex            36%        N/A       9%          1
 Cigotuvi's Dreadful Rot  Necr/Alch/Air  18%        N/A       13%         2


Dungeon Overview and Level Annotations

Branches:
Dungeon (4/15)             Temple (0/1) D:4

Altars:
Kikubaaqudgha


Innate Abilities, Weirdness & Mutations

You have very sharp teeth.
Your uncanny sense of smell can sniff out nearby items.
Your experience applies equally to all skills.


Message History

The iguana bites you!
You hit the iguana but do no damage.
The iguana seems to speed up.
The iguana is moderately wounded.
The iguana misses you. x2
Casting: Mephitic Cloud (quite dangerous; 22% risk of failure)
Confirm with . or Enter, or press ? or * to list all spells.
A tiny devil pulls itself out of the air.
The iguana misses you.
A giant cockroach comes into view.
The iguana bites your cerulean imp!
Your cerulean imp dies!
Your cerulean imp disappears in a puff of smoke!
Casting: Call Imp (safe; 9% risk of failure)
Confirm with . or Enter, or press ? or * to list all spells.
You don't know that spell.
Unknown command.
Casting: Call Imp (safe; 9% risk of failure)
Confirm with . or Enter, or press ? or * to list all spells.
The spell is quite dangerous to miscast (22% risk of failure)!
Continue anyway?
Okay, then.
Unknown command.
Casting: Mephitic Cloud (quite dangerous; 22% risk of failure)
Confirm with . or Enter, or press ? or * to list all spells.
The spell is quite dangerous to miscast (22% risk of failure)!
Continue anyway?
Aiming: Mephitic Cloud (quite dangerous; 22% risk of failure)
Press: ? - help, Shift-Dir - straight line, f - iguana
Aim: an iguana (black smoke, moderately wounded, fast, chance to affect: 86%)
The ball explodes into a vile cloud!
The stinking cloud engulfs the iguana.
The iguana is moderately wounded.
The stinking cloud engulfs you.
You hear a shout!
The iguana bites you!
Unknown command.
The iguana closely misses you. The iguana bites you!
* * * LOW HITPOINT WARNING * * *
Found a +6 ring of strength.
Casting: Mephitic Cloud (quite dangerous; 22% risk of failure)
Confirm with . or Enter, or press ? or * to list all spells.
You blink.
The iguana bites you.
You die...

#. . #.######...#
#...<....... #..#########
=# # # #.#.## .#.#
#..###.##### #.#.# #.#
##....###....###
##.###.###....B......
#.#.## #.@##.......
########.## #..l.......#
#.........## #§.§§.......
#.####.....###.○§........
#..........##.......
#..<..###...........
##...## ##.##...#.#.
##### #.# ##.# # #.. P.


You could see an iguana (fast) and a giant cockroach.

Vanquished Creatures
  2 orc priests (D:3)
  Crazy Yiuf (D:2)
  An adder (D:2)
  2 dart slugs (D:1)
  8 orcs (D:3)
  7 ball pythons
  5 bats
  5 endoplasms
  3 giant cockroaches
  4 goblins
  8 hobgoblins
  6 jackals
  5 quokkas
  2 frilled lizards (D:1)
  7 kobolds
  4 rats
70 creatures vanquished.

Vanquished Creatures (collateral kills)
  2 ball pythons (D:1)
  A goblin (D:1)
  A jackal (D:1)
  A rat (D:1)
5 creatures vanquished.

Grand Total: 75 creatures vanquished

Notes
Turn   | Place    | Note
-------+----------+-------------------------------------------
     0 | D:1      | Ignak the Gnoll Hedge Wizard began the quest for the Orb.
     0 | D:1      | Reached XP level 1. HP: 13/13 MP: 8/8
   131 | D:1      | Reached XP level 2. HP: 14/19 MP: 7/10
   389 | D:1      | Learned a level 2 spell: Blink
   392 | D:1      | Learned a level 2 spell: Call Imp
   510 | D:1      | Reached XP level 3. HP: 21/25 MP: 8/11
   639 | D:1      | Found a faded altar of an unknown god.
   676 | D:1      | Reached skill level 1 in Invocations
  1335 | D:2      | Reached skill level 1 in Fighting
  1335 | D:2      | Reached skill level 1 in Short Blades
  1335 | D:2      | Reached skill level 1 in Long Blades
  1335 | D:2      | Reached skill level 1 in Axes
  1335 | D:2      | Reached skill level 1 in Maces & Flails
  1335 | D:2      | Reached skill level 1 in Polearms
  1335 | D:2      | Reached skill level 1 in Staves
  1335 | D:2      | Reached skill level 1 in Ranged Weapons
  1335 | D:2      | Reached skill level 1 in Throwing
  1335 | D:2      | Reached skill level 1 in Armour
  1335 | D:2      | Reached skill level 1 in Shields
  1335 | D:2      | Reached skill level 1 in Unarmed Combat
  1335 | D:2      | Reached skill level 1 in Evocations
  1347 | D:2      | Learned a level 3 spell: Mephitic Cloud
  1380 | D:2      | Found an ancient bone altar of Kikubaaqudgha.
  1533 | D:2      | Reached skill level 1 in Shapeshifting
  1533 | D:2      | Reached XP level 4. HP: 23/32 MP: 9/13
  1610 | D:2      | Found a runed translucent door.
  1611 | D:2      | Noticed Crazy Yiuf
  1617 | D:2      | Killed Crazy Yiuf
  1618 | D:2      | Reached skill level 1 in Hexes
  1618 | D:2      | Reached skill level 1 in Necromancy
  1618 | D:2      | Reached skill level 1 in Fire Magic
  1618 | D:2      | Reached skill level 1 in Ice Magic
  1618 | D:2      | Reached skill level 1 in Air Magic
  1618 | D:2      | Reached skill level 1 in Earth Magic
  1618 | D:2      | Reached skill level 1 in Alchemy
  2598 | D:3      | Reached XP level 5. HP: 28/37 MP: 8/14
  3169 | D:3      | Identified the +0 leather armour of Arifir {rPois rF+ Str+2
                  | Dex+3}
  3356 | D:4      | Found a staircase to the Ecumenical Temple.
  3367 | D:4      | Slain by an iguana

Illustrated notes

Levels and vault maps discovered:
D:1:      mrwooster_arrival_statue_2, layout_basic,
          hellmonk_ecumenical_altar_blasted, serial_forest,
          infiniplex_forest_lined_3, infiniplex_forest_end_2,
          infiniplex_forest_clump_C, infiniplex_forest_straight_3,
          infiniplex_forest_straight_4, infiniplex_forest_clump_small,
          interstate_on_off, roderic_roman_lattice
D:2:      layout_basic, basic_altar, corexii_corridor_pit,
          uniq_crazy_yiuf_cottage
D:3:      layout_loops_corners
D:4:      layout_loops_ring, lemuel_zombie_altar_yredelemnul,
          minmay_temple_entry_oklob, lexackson_kobold_supper

Skill      XL: |  1  2  3  4 |
---------------+-------------+-----
Conjurations   | 2 |  2.5
Summonings     | 2 |  2.5
Translocations | 2 |  2.5
Invocations    | 1 |  1.9
Fighting       | 1 |  1.6
Short Blades   | 1 |  1.6
Long Blades    | 1 |  1.6
Axes           | 1 |  1.6
Maces & Flails | 1 |  1.6
Polearms       | 1 |  1.6
Staves         | 1 |  1.6
Ranged Weapons | 1 |  1.6
Throwing       | 1 |  1.6
Armour         | 1 |  1.6
Shields        | 1 |  1.6
Unarmed Combat | 1 |  1.6
Evocations     | 1 |  1.6
Shapeshifting  | 1 |  1.5
Hexes          | 1 |  1.3
Necromancy     | 1 |  1.3
Fire Magic     | 1 |  1.3
Ice Magic      | 1 |  1.3
Air Magic      | 1 |  1.3
Earth Magic    | 1 |  1.3
Alchemy        | 1 |  1.3
Dodging        | |  4.8
Stealth        | |  4.5
Spellcasting   | |  7.3

Action                     |  1- 3 |  4- 6 || total
---------------------------+-------+-------++-------
  Melee: Dagger            |   124 |       ||   124
         Bite              |    12 |     3 ||    15
         Quarterstaff      |       |    77 ||    77
         Mace              |       |     1 ||     1
   Cast: Magic Dart        |    14 |       ||    14
         Call Imp          |     2 |     1 ||     3
         Mephitic Cloud    |     1 |     4 ||     5
         Blink             |       |     1 ||     1
    Use: Scroll            |       |     4 ||     4
         Potion            |       |     2 ||     2
   Stab: Sleeping          |    10 |     9 ||    19
         Confused          |     1 |       ||     1
 Armour: Robe              |    56 |    43 ||    99
         Leather armour    |       |     7 ||     7
  Dodge: Dodged            |    90 |    53 ||   143
